 Dungeon Crawl Stone Soup version 0.17-a0-2171-ga91b4ec (webtiles) character file.

65 radek the Conjurer (level 3, 0/19 HPs)
             Began as a Deep Elf Conjurer on Oct 25, 2015.
             Slain by an adder (3 damage)
             ... on level 2 of the Dungeon.
             The game lasted 00:05:10 (1570 turns).

radek the Conjurer (Deep Elf Conjurer)              Turns: 1570, Time: 00:05:10

Health: 0/19       AC:  2    Str:  6    XL:     3   Next: 94%
Magic:  6/9        EV: 13    Int: 19    God:
Gold:   46         SH:  0    Dex: 18    Spells: 1 memorised, 7 levels left

rFire  . . .     SeeInvis .     n - +0 dagger
rCold  . . .     Clarity  .     p - +0 robe {Archmagi}
rNeg   . . .     SustAt   .     (no shield)
rPois  .         Gourm    .     (no helmet)
rElec  .         Spirit   .     (no cloak)
rCorr  .         Warding  .     (no gloves)
rMut   .         Stasis   .     (no boots)
MR     .....                    (no amulet)
Stlth  ++........               (no ring)
                                e - +3 ring of dexterity

@: not resistant to hostile enchantments, unstealthy
A: no striking features
a: no special abilities


You were on level 2 of the Dungeon.
You were not hungry.

You visited 1 branch of the dungeon, and saw 2 of its levels.

You collected 46 gold pieces.

Inventory:

Hand Weapons
 h - a +0 short sword
 n - a +0 dagger (weapon)
Armour
 a - a +0 robe
 p - a +0 robe of the Archmagi (worn)
Jewellery
 e - a +3 ring of dexterity (left hand)
Scrolls
 d - a scroll of recharging {unknown}
 i - 2 scrolls of remove curse {unknown}
 j - a scroll of enchant armour {unknown}
 l - a scroll of identify {unknown}
 o - a scroll of teleportation {unknown}
Potions
 g - 2 potions of haste {unknown}
Books
 b - a book of Conjurations

   Spells                             Type                      Level
   a - Magic Dart                     Conjuration                  1
   b - Searing Ray                    Conjuration                  2
   c - Dazzling Spray                 Conjuration/Hexes            3
   d - Fulminant Prism                Conjuration/Hexes            4
   e - Iskenderun's Mystic Blast      Conjuration                  4
   f - Iskenderun's Battlesphere      Conjuration/Charms           5
Comestibles
 c - a bread ration
 f - 2 meat rations
 k - 2 beef jerkies
 m - 2 chunks of flesh


   Skills:
 - Level 2.4 Dodging
 - Level 2.4 Stealth
 - Level 3.0 Spellcasting
 + Level 6.1 Conjurations


You had 7 spell levels left.
You knew the following spells:

 Your Spells              Type           Power        Failure   Level  Hunger
a - Magic Dart            Conj           ####         1%          1    None


Dungeon Overview and Level Annotations

Branches:
Dungeon (2/15)

Altars:

Annotations:
D:2 Robin


Message History

Confirm with . or Enter, or press ? or * to list all spells.
Aiming: Magic Dart
Press: ? - help, Shift-Dir - straight line, f/p - hobgoblin
Aim: a hobgoblin, wielding a club (moderately wounded)
You feel a surge of power!
The magic dart hits the hobgoblin.
You kill the hobgoblin!
The adder bites you.
* * * LOW HITPOINT WARNING * * *
The giant cockroach bites you but does no damage.
The adder bites you.
* * * LOW HITPOINT WARNING * * *
Casting: Magic Dart
Confirm with . or Enter, or press ? or * to list all spells.
Aiming: Magic Dart
Press: ? - help, Shift-Dir - straight line, f - adder
Aim: an adder You feel a surge of power!
The magic dart hits the adder.
The adder is heavily wounded.
The giant cockroach closely misses you. The adder bites you.
You die...

##.##[# ..##
####.....#
....#####.....####
..............## ##.
...#..#.......#
..>#.......#.......#
. ....# #......(...#
..##..####...S.s..###
................@)..#
.............####.##
#..###.......# ###
+#... #.......# .....
#.รท...###
.....##.....#
...##...#####
...##...# ........###


You could see an adder and a giant cockroach.

Vanquished Creatures
  Jessica (D:2)
  An ooze (D:1)
  A giant cockroach (D:1)
  4 goblins
  8 hobgoblins
  5 jackals
  A bat (D:1)
  A giant newt (D:2)
  A jackal skeleton (D:2)
  6 kobolds
  A kobold skeleton (D:2)
  4 rats
34 creatures vanquished.

Notes
Turn   | Place    | Note
--------------------------------------------------------------
     0 | D:1      | radek the Deep Elf Conjurer began the quest for the Orb.
     0 | D:1      | Reached XP level 1. HP: 10/10 MP: 6/6
   386 | D:1      | Reached XP level 2. HP: 15/15 MP: 5/8
   464 | D:1      | Reached skill level 5 in Conjurations
  1148 | D:2      | Noticed Robin
  1158 | D:2      | Reached XP level 3. HP: 19/19 MP: 3/9
  1311 | D:2      | Noticed Jessica
  1317 | D:2      | Killed Jessica
  1317 | D:2      | Reached skill level 6 in Conjurations
  1570 | D:2      | Slain by an adder

Vault maps used:
D:1:      dpeg_arrival_leaves_temple_mockup, minivault_25, minmay_surrounded
D:2:      first_bread, dk_yredelemnul_ordeal, uniq_jessica, uniq_robin,
          uniq_iyjb

Action                   || total
-------------------------++-------
Melee: Unarmed           ||     4
       Dagger            ||     3
Throw: Javelin           ||     6
 Cast: Magic Dart        ||    68
  Eat: Chunk             ||     2
